 Dungeon Crawl Stone Soup version 0.19-a0-1007-g133f65f (webtiles) character file.

271 nextgen the Shield-Bearer (level 6, 0/48 HPs)
             Began as a Demonspawn Fighter on July 19, 2016.
             Slain by Sigmund
             ... wielding a +0 scythe
              (9 damage)
             ... on level 4 of the Dungeon.
             The game lasted 00:03:38 (2919 turns).

nextgen the Shield-Bearer (Demonspawn Fighter)      Turns: 2919, Time: 00:03:39

Health: 0/48       AC:  8    Str: 16    XL:     6   Next: 2%
Magic:  6/6        EV:  6    Int:  9    God:
Gold:   102        SH: 13    Dex: 15    Spells: 0 memorised, 5 levels left

rFire  + . .     SeeInvis .     a - +1 long sword
rCold  . . .     Gourm    .     b - +0 scale mail
rNeg   . . .     Faith    .     e - +0 large shield
rPois  .         Spirit   .     (no helmet)
rElec  .         Dismiss  .     g - +0 cloak
rCorr  .         Reflect  .     (no gloves)
SustAt .         Harm     .     (no boots)
MR     .....                    (no amulet)
Stlth  ..........               (no ring)
                                (no ring)

@: not resistant to hostile enchantments, extremely unstealthy
A: hooves 1, fire resistance 1, powered by pain 1
a: no special abilities


You were on level 4 of the Dungeon.
You were not hungry.

You visited 1 branch of the dungeon, and saw 4 of its levels.

You collected 242 gold pieces.
You spent 140 gold pieces at shops.

Inventory:

Hand Weapons
 a - a +1 long sword (weapon)
Armour
 b - a +0 scale mail (worn)
 c - a +0 shield
 e - a +0 large shield (worn)
 g - a +0 cloak (worn)
 h - a +0 plate armour
Jewellery
 u - an uncursed ring of poison resistance {unknown}
Scrolls
 i - 3 scrolls of identify
 m - 4 scrolls of teleportation
 n - 2 scrolls of remove curse
 t - a scroll of blinking {unknown}
Potions
 d - a potion of might
 k - 2 potions of degeneration {unknown}
 o - a potion of invisibility
 p - a potion of agility {unknown}
 q - a potion of ambrosia {unknown}
 r - a potion of haste {unknown}
 s - 2 potions of heal wounds
Comestibles
 f - 2 bread rations
 j - 4 meat rations
 l - a fruit


   Skills:
 + Level 3.7 Fighting
 * Level 2.7 Long Blades
 + Level 3.5 Armour
 + Level 1.9 Dodging
 * Level 4.2 Shields


You had 5 spell levels left.
You didn't know any spells.

Dungeon Overview and Level Annotations

Branches:
Dungeon (4/15)
 Temple: D:4-7

Altars:

Shops:
D:4 ?!*(

Annotations:
D:4 Sigmund


Innate Abilities, Weirdness & Mutations

You have large cloven feet.
Your flesh is heat resistant. (rF+)
You sometimes gain a little power by taking damage.


Message History

The phantom is lightly damaged.
You block the phantom's attack. Something hits you!
Unknown command.
You completely miss the phantom.
The phantom is lightly damaged.
The phantom hits you.
The phantom blinks!
Unknown command.
Something hits you!
* * * LOW HITPOINT WARNING * * *
Unknown command.
You are too injured to fight recklessly!
You are too injured to fight recklessly!
You are too injured to fight recklessly!
You are too injured to fight recklessly!
You hit the phantom. You kick the phantom, but do no damage.
The phantom is moderately damaged.
The phantom hits you.
* * * LOW HITPOINT WARNING * * *
Something hits you!
You die...

#....#.#
#....................
#....#.#
#............†.......
###'#####....†.......
#.# #..........∩.
##'#####[...........
+......#............
#......##...########
#......##...#
#.W@...##.<.#
#......##... #..§.∩.#
#......# #......#
#......# #......#
#.....$# ########


You could see a phantom.

Vanquished Creatures
  A giant frog (D:4)
  A centaur skeleton (D:4)
  An orc priest (D:3)
  A giant frog skeleton (D:4)
  5 adders
  2 worms
  2 dart slugs
  3 giant geckos
  9 orcs (D:3)
  7 bats
  2 giant cockroaches (D:1)
  5 goblins
  5 hobgoblins
  8 kobolds
  2 ball pythons (D:1)
  4 giant newts
  7 rats
65 creatures vanquished.

Notes
Turn   | Place    | Note
-------+----------+-------------------------------------------
     0 | D:1      | nextgen the Demonspawn Fighter began the quest for the Orb.
     0 | D:1      | Reached XP level 1. HP: 18/18 MP: 1/1
   301 | D:1      | Gained mutation: You have large cloven feet. [demonic ancestry]
   301 | D:1      | Reached XP level 2. HP: 20/24 MP: 2/2
   425 | D:1      | Reached skill level 3 in Shields
   672 | D:1      | Gained mutation: Your flesh is heat resistant. (rF+) [demonic ancestry]
   672 | D:1      | Reached XP level 3. HP: 29/29 MP: 3/3
  1626 | D:3      | Gained mutation: You sometimes gain a little power by taking damage. [demonic ancestry]
  1626 | D:3      | Reached XP level 4. HP: 30/35 MP: 4/4
  2085 | D:3      | Reached skill level 1 in Dodging
  2092 | D:3      | Reached XP level 5. HP: 28/41 MP: 5/5
  2668 | D:4      | Reached skill level 4 in Shields
  2686 | D:4      | Found Ucihid's Magic Scroll Shop.
  2753 | D:4      | Found Titol's Distillery.
  2762 | D:4      | Bought a potion of heal wounds for 70 gold pieces
  2762 | D:4      | Bought a potion of heal wounds for 70 gold pieces
  2859 | D:4      | Found Ofoqemuer's Antique Weapon Shop.
  2876 | D:4      | Reached XP level 6. HP: 48/48 MP: 6/6
  2903 | D:4      | Found Xaestruf's Assorted Antiques.
  2907 | D:4      | Noticed Sigmund
  2919 | D:4      | Slain by Sigmund

Vault maps used:
D:1:      minmay_arrival_stone_box, st_stairs_5
D:2:      corexii_shack
D:4:      serial_shops, shop, kennysheep_mini_moat,
          nicolae_shop_temple_entry_statues_fountains, shop, first_bread,
          fountainhead, hangedman_decor_points, uniq_sigmund,
          uniq_blork_the_orc, uniq_eustachio

Skill      XL: |  1  2  3  4  5 |
---------------+----------------+-----
Long Blades    | 2 |  2.7
Shields        | 3 4 |  4.2
Armour         | 3 |  3.5
Dodging        | 1 |  1.9
Fighting       | |  3.7

Action                   |  1- 3 |  4- 6 || total
-------------------------+-------+-------++-------
Melee: Long sword        |   168 |   114 ||   282
       Kick              |    33 |    31 ||    64
  Use: Scroll            |     6 |       ||     6
  Eat: Chunk             |     1 |     2 ||     3
       Beef jerky        |     1 |       ||     1
       Meat ration       |       |     1 ||     1
Armor: Scale mail        |    65 |    51 ||   116
Dodge: Dodged            |    27 |    23 ||    50
Block: Large shield      |   116 |    87 ||   203
       Shield            |     9 |       ||     9
